 Dungeon Sprint DCSS version 0.20.1-1-g8b1a95d (webtiles) character file.

4387 Kingsmith the Fighter (level 10, -2/72 HPs)
             Began as a Gargoyle Fighter on Dec 12, 2017.
             Was the Champion of the Shining One.
             Slain by a tyrant leech (22 damage)
             ... in the Dungeon (Sprint IX: "|||||||||||||||||||||||||||||").
             The game lasted 00:03:04 (884 turns).

Kingsmith the Fighter (Gargoyle Fighter)             Turns: 884, Time: 00:03:05

Health: -2/72      AC: 25    Str: 22    XL:     10   Next: 35%
Magic:  12/15      EV:  9    Int:  9    God:    the Shining One [******]
Gold:   0          SH: 13    Dex: 10    Spells: 9/9 levels left

rFire    . . .     SeeInvis .   o - +7 captain's cutlass {speed, disarm}
rCold    . . .     Gourm    .   c - +0 shield
rNeg     + + +     Faith    .   q - +0 plate armour
rPois    ∞         Spirit   .   a - +0 helmet
rElec    +         Reflect  .   (no cloak)
rCorr    .         Harm     .   p - +0 pair of gloves
MR       .....     NoTele   +   (no boots)
Stlth    ..........             (no amulet)
Regen    0.3/turn               (no ring)
MPRegen  0.2/turn               (no ring)

@: glowing
A: negative energy resistance 1, electricity resistance, unbreathing,
petrification resistance, rot immunity, AC +7
a: Divine Shield, Cleansing Flame, Summon Divine Warrior, Brand Weapon With Holy
Wrath, Renounce Religion


You were in the Dungeon.
You worshipped the Shining One.
The Shining One was exalted by your worship.
You were not hungry.

You visited 1 branch

Inventory:

Hand Weapons
 o - the +7 captain's cutlass (weapon) {speed, disarm}
   (You found it in the Dungeon)

   Attacks with this weapon are significantly faster.
 t - a +3 vampiric demon blade
Armour
 a - a +0 helmet (worn)
 c - a +0 shield (worn)
 p - a +0 pair of gloves (worn)
 q - a +0 plate armour (worn)
Jewellery
 r - a +3 ring of dexterity
 s - a +2 ring of protection
Wands
 n - a wand of iceblast (7/15)
Scrolls
 k - 3 scrolls of blinking
 l - 5 scrolls of remove curse
 m - 2 scrolls of amnesia
 u - a scroll of identify
 v - 2 scrolls of enchant weapon
Potions
 b - a potion of agility
 d - 2 potions of might
 e - 9 potions of curing
 h - a potion of haste
 i - 4 potions of magic
 j - 3 potions of heal wounds
Comestibles
 f - a bread ration


   Skills:
 * Level 12.8 Fighting
 * Level 8.8 Long Blades
 * Level 12.7 Armour
 + Level 6.1 Dodging
 * Level 12.7 Shields
 + Level 7.1 Invocations


You had 9 spell levels left.
You didn't know any spells.

Dungeon Overview and Level Annotations

Branches:
Dungeon (1/1)

Altars:
Cheibriados
Dithmenos
Elyvilon
Fedhas
Gozag
Hepliaklqana
Kikubaaqudgha
Makhleb
Nemelex Xobeh
Okawaru
Qazlal
Ru
Sif Muna
Trog
Uskayaw
Vehumet
Xom
Yredelemnul
Zin
The Shining One
Beogh
Jiyva
Lugonu


Innate Abilities, Weirdness & Mutations

You are resistant to torment.
Your stone body is resilient. (AC +7)
You are immune to poison.
You resist negative energy. (rN+)
You are resistant to electric shocks. (rElec)
You can survive without breathing.
You are immune to petrification.
You are immune to rotting.


Message History

The tyrant leech is smitten.
The tyrant leech bites you!
Items here: ††††† a lindwurm corpse; a worm corpse; a lindwurm corpse; a tyrant leech corpse x2
You barely miss the tyrant leech.
The tyrant leech is moderately wounded.
The tyrant leech bites you but does no damage.
You hit the tyrant leech.
The tyrant leech is moderately wounded.
You hit the tyrant leech.
The tyrant leech is heavily wounded.
The tyrant leech bites you!
* * * LOW HITPOINT WARNING * * *
You barely miss the tyrant leech.
The tyrant leech is heavily wounded.
Your daeva calls down the wrath of the Shining One upon the tyrant leech.
The tyrant leech is smitten.
You puncture the tyrant leech!
The tyrant leech is almost dead.
The tyrant leech bites you!!
You die...

▓▓▓▓▓▓▓▓▓▓▓▓▓▓▓▓▓▓▓▓▓▓▓▓▓▓▓▓▓▓▓▓▓
__________.____'!.|)....()))....)
▓▓▓▓▓▓▓▓▓▓▓▓▓▓▓▓▓▓▓▓▓▓▓▓▓▓▓▓▓▓▓▓▓
.................................
▓▓▓▓▓▓▓▓▓▓▓▓▓▓▓▓▓▓▓▓▓▓▓▓▓▓▓▓▓▓▓▓▓
.....'.........A@w......
▓▓▓▓▓▓▓▓▓▓▓▓▓▓▓▓▓▓▓▓▓▓▓▓


You could see a tyrant leech and a friendly daeva.

Vanquished Creatures
  A komodo dragon (D)
  A spiny frog (D)
  A polar bear (D)
  A blink frog (D)
  A hornet (D)
  A slime creature (D)
  3 hippogriffs (D)
  2 wyverns (D)
  2 water moccasins (D)
  An ice beast (D)
  4 porcupines (D)
  4 crocodiles (D)
  An ogre (D)
  2 centaurs (D)
  A wolf (D)
  A bullfrog (D)
  2 crimson imps (D)
  A worker ant (D)
  2 adders (D)
  A shadow imp (D)
  A dart slug (D)
  An orc (D)
  A ball python (D)
  A bat zombie (D)
  A hobgoblin (D)
  A frilled lizard (D)
  A rat (D)
40 creatures vanquished.

Vanquished Creatures (collateral kills)
  2 lindwurms (D)
  2 tyrant leeches (D)
  3 worms (D)
7 creatures vanquished.

Grand Total: 47 creatures vanquished

Notes
Turn   | Place    | Note
-------+----------+-------------------------------------------
     0 | D        | Kingsmith the Gargoyle Fighter began the quest for the Orb.
     0 | D        | Reached XP level 1. HP: 14/14 MP: 1/1
    14 | D        | Reached XP level 2. HP: 20/20 MP: 2/2
    20 | D        | Noticed an ice beast
    20 | D        | Noticed a crimson imp
    33 | D        | Killed an ice beast
    33 | D        | Reached skill level 5 in Fighting
    33 | D        | Reached skill level 5 in Armour
    33 | D        | Reached skill level 5 in Shields
    33 | D        | Reached XP level 3. HP: 27/27 MP: 3/3
    33 | D        | Reached XP level 4. HP: 32/32 MP: 4/4
    38 | D        | Reached skill level 5 in Long Blades
    38 | D        | Reached XP level 5. HP: 36/36 MP: 5/5
    63 | D        | Found a roughly hewn altar of Beogh.
    63 | D        | Found a snail-covered altar of Cheibriados.
    63 | D        | Found a shadowy altar of Dithmenos.
    63 | D        | Found a white marble altar of Elyvilon.
    63 | D        | Found a blossoming altar of Fedhas.
    63 | D        | Found an opulent altar of Gozag.
    64 | D        | Found a hazy altar of Hepliaklqana.
    65 | D        | Found a viscous altar of Jiyva.
    66 | D        | Found an ancient bone altar of Kikubaaqudgha.
    67 | D        | Found a corrupted altar of Lugonu.
    68 | D        | Found a burning altar of Makhleb.
    69 | D        | Found a sparkling altar of Nemelex Xobeh.
    70 | D        | Found an iron altar of Okawaru.
    71 | D        | Found a stormy altar of Qazlal.
    72 | D        | Found a sacrificial altar of Ru.
    73 | D        | Found a deep blue altar of Sif Muna.
    74 | D        | Found a bloodstained altar of Trog.
    75 | D        | Found a hide-covered altar of Uskayaw.
    76 | D        | Found a radiant altar of Vehumet.
    78 | D        | Found a shimmering altar of Xom.
    79 | D        | Found a basalt altar of Yredelemnul.
    80 | D        | Found a glowing silver altar of Zin.
    81 | D        | Found a glowing golden altar of the Shining One.
    89 | D        | Became a worshipper of the Shining One
   132 | D        | Noticed a centaur
   132 | D        | Noticed a centaur
   132 | D        | Noticed a wyvern
   132 | D        | Reached * piety under the Shining One
   135 | D        | Killed a centaur
   135 | D        | Reached skill level 1 in Dodging
   135 | D        | Reached XP level 6. HP: 41/44 MP: 6/6
   154 | D        | Killed a wyvern
   154 | D        | Reached XP level 7. HP: 34/50 MP: 6/8
   261 | D        | Reached ** piety under the Shining One
   261 | D        | Noticed a hippogriff
   261 | D        | Noticed a slime creature
   261 | D        | Noticed a hornet
   261 | D        | Reached *** piety under the Shining One
   273 | D        | Killed a hippogriff
   283 | D        | Killed a slime creature
   283 | D        | Reached skill level 10 in Fighting
   283 | D        | Reached skill level 10 in Shields
   283 | D        | Reached XP level 8. HP: 35/57 MP: 8/10
   288 | D        | Reached skill level 10 in Armour
   295 | D        | Killed a hornet
   515 | D        | Noticed a hippogriff
   515 | D        | Noticed a spiny frog
   515 | D        | Reached **** piety under the Shining One
   515 | D        | Noticed a hippogriff
   521 | D        | Noticed a blink frog
   527 | D        | Noticed a polar bear
   528 | D        | Killed a hippogriff
   528 | D        | Reached skill level 5 in Invocations
   535 | D        | Killed a spiny frog
   535 | D        | Reached XP level 9. HP: 64/64 MP: 11/13
   543 | D        | Reached skill level 5 in Dodging
   557 | D        | Killed a polar bear
   584 | D        | Reached ***** piety under the Shining One
   618 | D        | Noticed a komodo dragon
   626 | D        | Reached XP level 10. HP: 42/72 MP: 14/14
   829 | D        | Noticed a lindwurm
   854 | D        | Noticed a lindwurm
   855 | D        | Reached ****** piety under the Shining One
   869 | D        | Killed a lindwurm
   876 | D        | Killed a lindwurm
   884 | D        | Slain by a tyrant leech

Skill      XL: |  1  2  3  4  5  6  7  8  9 10 |
---------------+-------------------------------+-----
Long Blades    | 2 4 5 6 8 |  8.8
Armour         | 4 5 6 7 8 9 11 12 | 12.7
Fighting       | 5 6 7 8 10 11 12 | 12.8
Shields        | 5 7 8 10 11 12 | 12.7
Dodging        | 1 2 3 4 5 6 |  6.1
Invocations    | 2 3 5 6 7 |  7.1

Action                   |  1- 3 |  4- 6 |  7- 9 | 10-12 || total
-------------------------+-------+-------+-------+-------++-------
Melee: Long sword        |    21 |    13 |       |       ||    34
       Cutlass           |       |    20 |   133 |    34 ||   187
Invok: Summon Divine War |       |       |       |     1 ||     1
  Use: Potion            |     2 |       |     1 |       ||     3
Armor: Scale mail        |    12 |     7 |       |       ||    19
       Plate armour      |       |     5 |    46 |     4 ||    55
Dodge: Dodged            |     6 |     3 |    24 |     3 ||    36
Block: Shield            |     5 |    12 |    50 |     5 ||    72
       Rpst.: Long sword |     2 |       |       |       ||     2
